Map: 아크로폴리스 - 래더

Players

herO

  • Race: Protoss Protoss
  • League: Master
  • Spawn Location: 5:00

lIIllllIIlll (INnoVation) - Winner!

  • Race: Terran Terran
  • League: Master
  • Spawn Location: 11:00

Event: 2019 Assembly Summer

VOD

Have the link to the VOD?

Description

Time

  • Played on: Aug. 2, 2019, 5:13 a.m.
  • Length: 11:28

All games in this series

Show
View Real Time Build Order
Export as new Build Order

herO Protoss 

Build Orders: 1 Gate Expand, Blink Stalkers 

Get SALT Encoding   

  12  0:00  Probe  
  13  0:12  Probe  
  14  0:18  Pylon  
  14  0:24  Probe  
  15  0:35  Probe  
  15  0:36  Gateway  
  16  0:43  Probe  
  16  0:44  Assimilator  
  17  0:52  Probe  
  18  1:04  Probe  
  19  1:16  Probe  
  20  1:24  Cybernetics Core  
  19  1:33  Nexus  
  19  1:43  Probe  
  19  1:45  Pylon  
  20  1:50  Adept  
  20  1:51  Assimilator  
  20  1:55  Probe  
  20  2:00  Warp Gate  
  23  2:07  Probe  
  24  2:10  Adept  
  24  2:19  Probe  
  27  2:26  Pylon  
  27  2:31  Probe  
  27  2:34  Twilight Council  
  28  2:39  Stalker  
  30  2:44  Probe  
  30  2:45  Probe  
  32  2:53  Probe  
  33  2:59  Probe  
  33  3:01  Probe  
  33  3:03  Blink  
  35  3:11  Probe  
  35  3:14  Probe  
  35  3:19  Probe  
  37  3:22  Pylon  
  37  3:26  Probe  
  39  3:28  Probe  
  39  3:29  Robotics Facility  
  40  3:38  Probe  
  40  3:40  Probe  
  40  3:41  Gateway  
  42  3:44  Gateway  
  42  3:50  Stalker  
  42  3:52  Probe  
  42  3:53  Probe  
  46  4:05  Probe x2, Pylon  
  46  4:07  Warp Prism, Assimilator  
  48  4:14  Assimilator  
  48  4:15  Stalker  
  50  4:21  Probe x2  
  54  4:25  Pylon  
  54  4:35  Probe x2  
  54  4:38  Stalker x2  
  60  4:41  Stalker  
  60  4:44  Observer  
  63  4:48  Forge  
  63  4:51  Robotics Bay  
  63  4:54  Probe  
  63  4:55  Probe  
  65  5:05  Observer  
  66  5:12  Stalker x2, Pylon  
  70  5:20  Nexus  
  70  5:29  Protoss Ground Weapons Level 1, Disruptor  
  70  5:31  Pylon  
  69  5:45  Stalker x3  
  69  5:47  Probe x2  
  77  6:00  Probe x2  
  77  6:04  Disruptor  
  77  6:10  Resonating Glaives  
  80  6:12  Stalker x3  
  80  6:14  Pylon  
  80  6:17  Gateway  
  84  6:28  Gateway  
  84  6:29  Probe  
  84  6:30  Probe  
  85  6:40  Disruptor  
  85  6:41  Probe  
  85  6:42  Probe  
  85  6:43  Probe  
  91  6:49  Adept x2  
  91  6:51  Adept  
  97  7:01  Probe x3  
  96  7:07  Gateway  
  97  7:10  Sentry  
  97  7:13  Probe x3  
  96  7:25  Disruptor, Adept x3  
  96  7:26  Adept  
  89  7:30  Probe x3  
  83  7:42  Probe x2  
  74  7:45  Stalker x3  
  74  7:46  Stalker  
  74  7:53  Disruptor  
  75  8:11  Observer  
  75  8:12  Stalker x3  
  71  8:21  Warp Prism  
  71  8:26  Nexus  
  71  8:34  Protoss Ground Armor Level 1  
  73  8:40  Pylon  
  73  8:43  Observer, Stalker x3  
  73  8:46  Adept  
  73  8:47  Adept  
  83  9:07  Observer  
  83  9:15  Adept x5  
  93  9:27  Pylon  
  93  9:30  Immortal  
  83  9:47  Adept x5  
  82  10:00  Gravitic Drive  
  82  10:03  Disruptor  
  74  10:07  Adept x5  
  74  10:08  Probe x3  
  81  10:29  Disruptor  
  81  10:39  Stalker x4  
  82  11:09  Sentry  
  82  11:10  Stalker x4  
Show
View Real Time Build Order
Export as new Build Order

lIIllllIIlll Terran - Winner!

Build Orders: Reaper Expand 

Get SALT Encoding   

  12  0:00  SCV  
  13  0:12  SCV  
  14  0:17  Supply Depot  
  14  0:25  SCV  
  15  0:38  SCV  
  15  0:39  Barracks  
  16  0:43  Refinery  
  16  0:50  SCV  
  17  1:02  SCV  
  18  1:15  SCV  
  19  1:27  Reaper, Orbital Command  
  20  1:41  Command Center  
  20  1:52  Supply Depot  
  20  1:53  SCV  
  21  2:00  Barracks Reactor  
  21  2:05  SCV  
  21  2:07  Refinery  
  22  2:17  Bunker, SCV  
  23  2:23  Factory  
  24  2:30  SCV  
  24  2:35  Marine x2  
  26  2:42  SCV  
  26  2:53  Marine x2  
  26  2:54  SCV  
  29  3:05  Orbital Command  
  29  3:06  SCV  
  29  3:09  Starport  
  29  3:12  Marine, Factory Tech Lab  
  31  3:13  Marine  
  31  3:18  SCV  
  33  3:30  SCV  
  33  3:31  SCV  
  33  3:33  Barracks  
  35  3:34  Marine x2  
  35  3:40  Widow Mine  
  39  3:43  SCV x2  
  39  3:46  Supply Depot  
  41  3:51  Barracks  
  41  3:55  SCV  
  41  3:56  SCV  
  41  3:59  Marine x2  
  41  4:02  Raven  
  46  4:04  Factory Tech Lab  
  46  4:10  SCV  
  46  4:11  Supply Depot  
  46  4:12  SCV  
  46  4:17  Marine x2  
  48  4:22  SCV  
  52  4:24  SCV  
  52  4:27  Engineering Bay  
  52  4:28  Marine  
  52  4:29  Stimpack  
  53  4:34  Supply Depot, Marine x2  
  53  4:36  SCV  
  53  4:37  SCV  
  57  4:43  Refinery  
  57  4:48  Marine  
  57  4:49  SCV  
  57  4:50  SCV  
  57  4:51  Marine  
  57  4:52  Starport Reactor, Marine  
  62  4:54  Factory Reactor  
  62  4:55  Terran Infantry Weapons Level 1  
  62  4:56  Marine  
  62  4:59  Combat Shield  
  63  5:02  Supply Depot  
  63  5:04  SCV x2  
  65  5:10  Marine  
  65  5:12  Refinery  
  65  5:13  Marine  
  67  5:17  Marauder  
  67  5:19  SCV  
  70  5:23  SCV  
  70  5:24  Supply Depot, Marauder  
  70  5:26  Supply Depot  
  73  5:29  Marine  
  73  5:31  Marine  
  73  5:35  Medivac  
  77  5:39  Marauder  
  77  5:41  Widow Mine  
  75  5:44  SCV x2  
  75  5:45  Marauder  
  75  5:47  Supply Depot  
  75  5:48  Marine  
  75  5:49  Marine  
  80  5:50  Supply Depot, Medivac  
  80  5:52  Widow Mine  
  84  6:00  SCV x2  
  86  6:05  Marauder  
  86  6:06  Marine, Marauder  
  86  6:09  Medivac  
  93  6:15  Widow Mine x2  
  93  6:18  Concussive Shells  
  97  6:20  Medivac  
  98  6:28  Marauder x2  
  98  6:30  Marine x2  
  104  6:37  Widow Mine x2  
  104  6:39  Supply Depot  
  108  6:40  Supply Depot  
  108  6:41  Medivac  
  110  6:55  Missile Turret, Medivac  
  110  7:01  Marine x2, Marauder, Widow Mine x2  
  112  7:10  Command Center  
  112  7:11  Terran Infantry Armor Level 1  
  113  7:23  Widow Mine x2  
  113  7:25  Marine x2, Marauder x2  
  113  7:30  Medivac  
  104  7:42  Barracks  
  104  7:43  Marine x2  
  104  7:44  Barracks, Widow Mine x2  
  106  7:46  Marauder  
  106  7:47  Marauder  
  106  7:49  SCV x2  
  89  8:04  SCV x2  
  91  8:05  Widow Mine x2  
  91  8:12  Marine x2, Marauder x2  
  91  8:17  SCV x2  
  96  8:27  Viking, Widow Mine x2  
  96  8:30  Marine x2  
  96  8:32  Barracks Tech Lab  
  96  8:33  Barracks Reactor  
  96  8:34  Marauder x2  
  102  8:35  SCV x2  
  104  8:47  SCV x2  
  106  8:51  Marine x2  
  106  8:53  Marauder  
  106  8:55  Marauder x2  
  114  8:57  Orbital Command  
  114  9:01  SCV x2  
  116  9:09  Medivac x2  
  116  9:13  SCV  
  117  9:17  Marauder x2  
  117  9:20  Marauder  
  117  9:25  Marine x2  
  117  9:26  Marine x2  
  117  9:29  Widow Mine  
  117  9:31  Widow Mine  
  115  9:40  Marauder x2  
  115  9:42  Marauder  
  115  9:44  Marine x2  
  101  9:50  Widow Mine  
  101  9:52  Widow Mine  
  87  10:01  Marauder x2  
  87  10:04  Marine x2  
  87  10:05  Marine  
  87  10:11  Viking  
  87  10:13  SCV  
  88  10:18  Marine, Marauder  
  91  10:27  Marauder x2  
  95  10:30  SCV x2  
  95  10:32  SCV  
  95  10:33  Marine  
  93  10:38  Marine  
  98  10:43  Widow Mine x2  
  98  10:45  SCV x2  
  97  10:59  Marauder x3  
  97  11:01  Marine x4  
  107  11:04  SCV  
  107  11:05  SCV x2  
Tags
 
Add a new tag
Caveats
  • Supply blocks, unpowered buildings, or Contaminate may cause inaccurate times.
  • Supply counts are checked every 10 seconds.